 Dungeon Crawl Stone Soup version 0.16-a0-286-g6bac339 (webtiles) character file.

208618 MrRokkomies the Bewitcher (level 18, 0/140 HPs)
             Began as a Vampire Enchanter on Aug 23, 2014.
             Was the Champion of Okawaru.
             Hit by a large rock thrown by a stone giant (3 damage)
             ... on Level 2 of the Vaults on Aug 28, 2014.
             The game lasted 05:07:51 (65747 turns).

MrRokkomies the Bewitcher (Vampire Enchanter)      Turns: 65747, Time: 05:07:52

HP   0/140       AC 17     Str 13      XL: 18   Next: 13%
MP  22/30        EV 21     Int 19      God: Okawaru [******]
Gold 1239        SH  6     Dex 15      Spells:  7 memorised,  2 levels left

rFire  + . .     SeeInvis +     a - +4 scimitar (flame)
rCold  + . .     Clarity  .     n - +3 leather armour {rF+}
rNeg   + + .     rCorr    .     G - +1 buckler {AC+3}
rPois  +         rRot     +     K - +2 hat
rElec  .         Spirit   .     O - +2 cloak "Model Owaxt" {+Blink +Inv rPois MR+}
SustAb .         Warding  .     I - +1 pair of gloves {Str+3}
rMut   .         Stasis   .     c - +0 pair of boots
Gourm  .                        r - amulet of faith
MR     +++..                    V - ring of stealth
                                x - ring of protection from magic

@: regenerating slowly, extremely resistant to hostile enchantments,
extraordinarily stealthy
A: bottle blood, fangs 3, talons 1, see invisible, unbreathing
a: Bat Form, Bottle Blood, Heroism, Finesse, Renounce Religion, Evoke Blink,
Evoke Invisibility
}: 1/15 runes: decaying


You were on level 2 of the Vaults.
You worshipped Okawaru.
Okawaru was exalted by your worship.
You were very thirsty.

You visited 7 branches of the dungeon, and saw 36 of its levels.
You visited 1 bazaar.
You also visited: Labyrinth, Bailey and Volcano.

You collected 3736 gold pieces.
You spent 2497 gold pieces at shops.

Inventory:

Hand weapons
 a - a +4 scimitar of flaming (weapon)
 b - a +8 quick blade of venom
 e - a +1 antimagic cutlass
 q - the +9 blowgun of the Known World {evade, Int-2}
   (You bought it in a shop in a bazaar)

   It affects your evasion (+5 to EV).
   It affects your intelligence (-2).
Missiles
 l - 5 steel javelins
 F - 5 needles of paralysis
 M - 5 throwing nets
 P - 14 curare-tipped needles
 T - 2 tomahawks of returning (quivered)
Armour
 c - a +0 pair of boots (worn)
 n - a +3 leather armour of fire resistance (worn)
 G - a +1 buckler of protection (worn)
 I - a +1 pair of gloves of strength (worn)
 K - a +2 hat (worn)
 O - the +2 cloak "Model Owaxt" (worn) {+Blink +Inv rPois MR+}
   (Okawaru gifted it to you on level 8 of the Lair of Beasts)

   It protects you from poison.
   It affects your resistance to hostile enchantments.
   It lets you turn invisible.
   It lets you blink.
Magical devices
 d - a wand of fire (9)
 f - a wand of lightning (0)
 i - a wand of paralysis (14)
 o - a wand of digging (1)
 u - a wand of fireball (3)
 w - a wand of disintegration (13)
 R - a wand of cold (3)
 X - a wand of heal wounds (0)
Scrolls
 g - 4 scrolls of magic mapping
 j - 7 scrolls of teleportation
 m - a scroll of enchant armour
 t - a scroll of vulnerability
 E - a scroll of amnesia
 H - 4 scrolls of fog
 J - a scroll of identify
 L - 5 scrolls of remove curse
Jewellery
 r - an amulet of faith (around neck)
 x - a ring of protection from magic (left hand)
 y - an uncursed ring of protection from fire
 N - an uncursed ring of flight
 V - a ring of stealth (right hand)
Potions
 h - 7 potions of cancellation
 k - 3 potions of haste
 s - 9 potions of curing
 v - a potion of cure mutation
 D - 4 potions of resistance
 Q - 2 potions of brilliance
 S - a potion of might
 U - a potion of restore abilities
 W - 2 potions of blood
Miscellaneous
 p - a lantern of shadows
Rods
 A - a +7 rod of the swarm (16/16)
   (You found it in a labyrinth)
 B - a +1 rod of destruction (12/12)
   (You found it in a labyrinth)
 C - a +7 rod of inaccuracy (9/9)
   (You found it in a labyrinth)
 Z - a +5 rod of ignition (12/12)
   (You bought it in a shop on level 4 of the Orcish Mines)


   Skills:
 - Level 12.0 Fighting
 - Level 10.0(12.2) Short Blades
 * Level 10.7(12.0) Long Blades
 - Level 7.0 Throwing
 - Level 15.1 Dodging
 - Level 15.0 Stealth
 - Level 5.0 Shields
 - Level 5.0 Spellcasting
 - Level 16.0 Hexes
 - Level 10.0 Ice Magic
 * Level 7.7 Air Magic
 - Level 10.0 Evocations


You had 2 spell levels left.
You knew the following spells:

 Your Spells              Type           Power        Failure   Level  Hunger
a - Mass Confusion        Hex            ######....   2%          6    #######
b - Ensorcelled Hibernat  Hex/Ice        ######       1%          2    None
c - Confuse               Hex            ######..     1%          3    ###....
d - Enslavement           Hex            ######..     1%          4    ####...
e - Dazzling Spray        Conj/Hex       #####...     1%          3    ###....
f - Summon Butterflies    Summ           #.......     14%         1    None
g - Freezing Cloud        Conj/Ice/Air   ####......   99%         6    #######


Dungeon Overview and Level Annotations

Branches:
Dungeon (15/15)            Temple (1/1) D:6             Orc (4/4) D:12
    Elf (0/3) Orc:4          Lair (8/8) D:9           Swamp (5/5) Lair:3
  Snake (1/5) Lair:6        Slime (0/6) Lair:8       Vaults (2/5) D:13
 Depths (0/5) D:15
  Crypt: Vaults:2-3

Altars:
Ashenzari
Cheibriados
Dithmenos
Elyvilon
Fedhas
Gozag
Kikubaaqudgha
Makhleb
Nemelex Xobeh
Okawaru
Qazlal
Sif Muna
Trog
Vehumet
Xom
Yredelemnul
Zin
The Shining One
Beogh

Shops:
D:6 *   D:15 (   Orc:1 }   Orc:4 (%}=}   Vaults:1 %

Annotations:
Orc:1 Snorg
Lair:2 exclusion: oklob plant
Lair:3 exclusion: oklob plant
Vaults:1 Aizul


Innate Abilities, Weirdness & Mutations

You heal slowly.
You can bottle blood from corpses.
You have razor-sharp teeth.
You have supernaturally acute eyesight.
You can survive without breathing.
You have sharp toenails.


Message History

The stone giant is lightly wounded.
The stone giant hits you!!
The cyclops throws a large rock.
The large rock hits you!!!
The yaktaur hits the cyclops.
The stone giant throws a large rock.
The large rock hits you!!!
* * * LOW HITPOINT WARNING * * *
You see here a large rock.
Read which item? (? for menu, Esc to quit)
As you read the scroll of fear, it crumbles to dust.
You assume a fearsome visage.
The cyclops looks frightened!
The sheep looks frightened!
A frightened sheep leaps away.
The vault warden looks frightened!
The yaktaur looks frightened!
The yaktaur resists.
The stone giant resists with almost no effort.
The yaktaur seems less confused.
The yaktaur wields an arbalest.
The yaktaur shoots a bolt.
The bolt hits you!
* * * LOW HITPOINT WARNING * * *
The stone giant throws a large rock.
The large rock hits you.
You die...

#. #)#C. #.#
#...Z.# #
c'.##'##.#
#.....#
#....?#.#
#...yZ#
#.<.###.#
#..y.(#
....#c#.#
#...yy#
#.'Y#.#
#....C#####
#J#p#.#
#..........
#.#######C#.#
#..........
#.....C(@.c.#
#..........
#############
#....!.....
#..........
###)#######
#.)).....#
#........#
#..).....#
#..[.....#
#........#


You could see a stone giant, a vault warden (fleeing), a slime creature, a
cyclops (fleeing), 2 yaktaurs and a sheep (fleeing).

Vanquished Creatures
  A fire giant (Vaults:2)
  2 vault wardens
  Maud (Swamp:1)
  3 rakshasas (Vaults:1)
  3 deep elf demonologists (Vaults:1)
  A very ugly thing (Vaults:2)
  6 stone giants
  2 deep elf death magi (Vaults:1)
  A vault guard (Vaults:2)
  A minotaur (Lab)
  A great orb of eyes (Vaults:2)
  A fire dragon (Vaults:2)
  21 hydras
  7 yaktaur captains
  Harold (D:10)
  5 ironheart preservers
  2 naga warriors (Snake:1)
  5 anacondas (Snake:1)
  6 ogre magi
  A shambling mangrove (Swamp:4)
  A deep troll earth mage (Vaults:2)
  5 death yaks
  6 centaur warriors
  9 alligators
  A tengu warrior (D:15)
  A naga sharpshooter (Snake:1)
  Urug (Swamp:1)
  5 orc high priests (Orc:4)
  A storm dragon zombie (Vaults:2)
  Nergalle (Orc:2)
  A deep elf knight (D:13)
  3 skeletal warriors (Vaults:1)
  4 unseen horrors
  A fire crab (shapeshifter) (Vaults:1)
  4 wizards
  2 deep trolls (Vaults:2)
  A spriggan druid (Swamp:3)
  9 swamp dragons
  2 necromancers
  A giant orange brain (Vaults:1)
  Pikel (D:5)
  3 deep elf summoners (Vaults:1)
  A harpy (shapeshifter) (D:14)
  5 ironbrand convokers
  13 hill giants
  25 ugly things
  A mana viper (Snake:1)
  2 wolf spiders
  2 orc sorcerers
  A fire giant zombie (Vaults:2)
  A deep elf conjurer (D:15)
  5 red wasps
  A manticore (D:15)
  A stone giant zombie (Vaults:2)
  3 oklob plants (Lair:8)
  11 orc knights
  A sixfirhy (Lair:8)
  4 cyclopes
  3 elephants (Lair:8)
  2 griffons (Vaults:1)
  A moth of wrath (shapeshifter) (Vaults:1)
  A guardian serpent (Snake:1)
  3 molten gargoyles (Volcano)
  2 centaur zombies
  A salamander (Snake:1)
  5 black mambas
  2 vault sentinels (Vaults:1)
  4 gargoyles
  A centaur skeleton (D:15)
  A torpor snail (Lair:8)
  A torpor snail (shapeshifter) (Vaults:1)
  Psyche (D:11)
  2 item mimics
  2 naga magi (Snake:1)
  19 spiny frogs
  An efreet (D:14)
  7 kobold demonologists
  20 yaktaurs
  3 tengu conjurers (D:15)
  4 fire drakes
  Grinder (D:6)
  7 komodo dragons
  4 deep elf priests (Vaults:1)
  A harpy zombie (D:15)
  15 two-headed ogres
  A polar bear (Lair:8)
  A giant leech (Swamp:3)
  4 bog bodies
  A wolf spider simulacrum (D:15)
  2 boulder beetles
  A blink frog (shapeshifter) (Vaults:1)
  10 ravens
  2 fire vortices (Volcano)
  8 trolls
  A griffon zombie (D:13)
  8 blink frogs
  7 basilisks
  A shadow (D:12)
  18 slime creatures
  4 redbacks (Vaults:2)
  A trapdoor spider (D:14)
  A water elemental (D:14)
  3 spriggans
  41 orc warriors
  5 wraiths
  A griffon skeleton (D:15)
  2 wyverns
  A tarantella (shapeshifter) (D:14)
  27 yaks
  A golden eye (shapeshifter) (D:14)
  4 hungry ghosts
  7 deep elf magi
  25 vampire mosquitoes
  11 deep elf fighters
  4 hippogriffs
  2 wolves (Lair:8)
  A steam dragon (D:15)
  37 swamp worms
  Edmund (D:4)
  36 water moccasins
  A soldier ant (D:15)
  6 nagas
  A warg (Orc:3)
  9 porcupines
  14 swamp drakes
  2 black bears
  A manticore zombie (D:14)
  11 boggarts
  4 ice beasts
  6 sky beasts
  33 ogres
  A yellow wasp (Swamp:5)
  2 boring beetles (Lair:8)
  A centaur (shapeshifter) (Vaults:2)
  2 phantoms
  4 necrophages
  19 centaurs
  11 crocodiles
  A komodo dragon zombie (D:12)
  22 giant frogs
  9 big kobolds
  A tengu simulacrum (D:15)
  16 insubstantial wisps
  2 earth elementals (Volcano)
  An eye of draining (D:11)
  3 scorpions
  A hippogriff zombie (D:5)
  A troll skeleton (D:14)
  A hippogriff skeleton (D:7)
  9 electric eels
  An eye of draining (shapeshifter) (Vaults:2)
  2 spriggan skeletons (D:14)
  12 wights
  A yak skeleton (D:11)
  2 human simulacra
  22 killer bees
  3 goliath beetles
  10 hounds
  2 lava snakes (Volcano)
  A quasit (D:13)
  2 giant frog zombies
  3 crimson imps
  27 jellies
  Crazy Yiuf (D:6)
  3 human zombies
  29 orc priests
  14 iguanas
  An orange rat (Vaults:1)
  19 worker ants
  22 orc wizards
  19 sheep
  A mottled dragon zombie (D:15)
  Ijyb (D:5)
  A mottled dragon skeleton (D:10)
  5 mummies (D:7)
  33 adders
  86 green rats
  7 shadow imps
  2 worms
  A white imp (D:13)
  2 inept item mimics
  An ufetubus (D:13)
  An adder zombie (D:6)
  An adder skeleton (D:5)
  An orc skeleton (D:8)
  18 oozes
  166 orcs
  4 giant cockroaches
  19 goblins
  11 hobgoblins
  38 kobolds
  12 quokkas
  2 ball pythons
  A ball python skeleton (D:4)
  15 bats
  4 giant geckos
  A giant newt (D:1)
  A giant newt zombie (D:5)
  2 giant spores
  A gnoll skeleton (D:4)
  A hobgoblin skeleton (D:6)
  A hobgoblin zombie (D:8)
  6 jackals
  3 orc zombies
  16 rats
  A rat zombie (D:5)
  2 butterflies
  5 crawling corpses (Vaults:1)
  2 fungi
  A plant (Swamp:5)
1472 creatures vanquished.

Vanquished Creatures (collateral kills)
  the Lernaean hydra (Swamp:5)
  A thorn hunter (Swamp:3)
  A vault guard (Vaults:2)
  2 ironheart preservers
  2 hydras
  2 ogre magi (Vaults:2)
  A skeletal warrior (Vaults:1)
  A hill giant (D:13)
  A swamp dragon (Swamp:5)
  A silver statue (Orc:2)
  3 orc knights
  9 yaktaurs
  A boulder beetle (Vaults:1)
  3 two-headed ogres (Vaults:2)
  10 yaks
  2 wargs (Vaults:1)
  4 wolves (Lair:8)
  5 orc warriors
  5 ogres (Vaults:2)
  A phantom (D:6)
  3 giant frogs
  A big kobold (D:13)
  A boulder beetle zombie (D:13)
  A killer bee (D:8)
  A jelly (Lair:8)
  A yak zombie (D:13)
  A goliath beetle (D:11)
  10 orc priests
  5 orc wizards
  An adder (Lair:8)
  3 green rats (Lair:8)
  A shadow imp (D:13)
  15 orcs
  A kobold (D:9)
  A plant (Lair:8)
102 creatures vanquished.

Vanquished Creatures (others)
  A deep elf knight (Vaults:1)
  2 shadows
  2 vampire mosquitoes
  2 yellow wasps
  5 spiders
  A lost soul (Vaults:1)
  5 scorpions
  11 killer bees
  A crimson imp (Vaults:1)
  4 goliath beetles
  An orc wizard (D:5)
  15 worker ants
  An adder (D:5)
  2 worms (Lair:8)
  A shadow imp (Vaults:1)
  2 ufetubi (Vaults:1)
  4 orcs (D:5)
  A kobold (Vaults:1)
  12 butterflies
  9 fungi
  A plant (Lair:8)
83 creatures vanquished.

Grand Total: 1657 creatures vanquished

Notes
Turn   | Place    | Note
--------------------------------------------------------------
     0 | D:1      | MrRokkomies, the Vampire Enchanter, began the quest for the Orb.
     0 | D:1      | Reached XP level 1. HP: 13/13 MP: 3/3
   190 | D:1      | Reached XP level 2. HP: 17/19 MP: 4/4
   202 | D:1      | Learned a level 2 spell: Ensorcelled Hibernation
   366 | D:1      | Reached skill level 5 in Hexes
   689 | D:2      | Reached XP level 3. HP: 18/24 MP: 1/6
  1553 | D:2      | Reached XP level 4. HP: 22/30 MP: 4/7
  1591 | D:2      | Reached skill level 6 in Hexes
  2802 | D:3      | You fall through a shaft!
  2806 | D:4      | Noticed an ogre
  2818 | D:4      | Killed an ogre
  2818 | D:4      | Reached skill level 7 in Hexes
  2818 | D:4      | Reached XP level 5. HP: 12/35 MP: 1/9
  3317 | D:4      | Learned a level 3 spell: Confuse
  3614 | D:4      | Reached XP level 6. HP: 38/41 MP: 7/10
  3720 | D:4      | Reached skill level 5 in Short Blades
  3897 | D:4      | Reached skill level 8 in Hexes
  4244 | D:5      | Entered Level 5 of the Dungeon
  4332 | D:5      | Noticed Ijyb
  4337 | D:5      | Killed Ijyb
  4412 | D:5      | Reached XP level 7. HP: 44/46 MP: 4/12
  4457 | D:5      | Noticed Pikel
  4476 | D:5      | Noticed Edmund
  4478 | D:5      | Killed Pikel
  4478 | D:5      | Reached skill level 10 in Hexes
  4524 | D:5      | Reached XP level 8. HP: 41/52 MP: 1/13
  4551 | D:4      | Killed Edmund
  5255 | D:5      | Reached skill level 11 in Hexes
  5519 | D:5      | Found a blossoming altar of Fedhas.
  5683 | D:5      | Found a stormy altar of Qazlal.
  5850 | D:6      | Learned a level 4 spell: Enslavement
  6133 | D:6      | Found a staircase to the Ecumenical Temple.
  6143 | Temple   | Entered the Ecumenical Temple
  6181 | Temple   | Became a worshipper of Warmaster Okawaru
  6344 | D:6      | Found Zin's Purification Station.
  6344 | D:6      | Noticed Grinder
  6360 | D:6      | Reached skill level 12 in Hexes
  6370 | D:6      | Killed Grinder
  6370 | D:6      | Reached XP level 9. HP: 52/57 MP: 8/14
  6415 | D:6      | Found a glowing silver altar of Zin.
  6539 | D:6      | Acquired Okawaru's first power
  6786 | D:6      | Noticed Crazy Yiuf
  6792 | D:6      | Killed Crazy Yiuf
  7250 | D:6      | Reached skill level 10 in Short Blades
  7275 | D:6      | Upgraded the game from 0.16-a0-253-g996e5b4 to 0.16-a0-259-g9aa467b
  7547 | D:7      | Reached skill level 13 in Hexes
  7562 | D:7      | Reached skill level 5 in Stealth
  8128 | D:7      | Found a shattered altar of Ashenzari.
  8131 | D:7      | Found a sparkling altar of Nemelex Xobeh.
  8365 | D:7      | Found a basalt altar of Yredelemnul.
  8722 | D:8      | Reached skill level 5 in Dodging
  9346 | D:8      | Reached XP level 10. HP: 33/63 MP: 3/16
  9605 | D:8      | Found a deep blue altar of Sif Muna.
 10034 | D:8      | Learned a level 3 spell: Dazzling Spray
 10262 | D:9      | Found a staircase to the Lair.
 10320 | D:9      | Reached skill level 10 in Stealth
 10533 | D:9      | Reached skill level 1 in Fighting
 11261 | D:9      | Found a burning altar of Makhleb.
 11261 | D:9      | Noticed an Executioner
 11565 | Lair:1   | Entered Level 1 of the Lair of Beasts
 11600 | Lair:1   | Acquired Okawaru's second power
 11759 | Lair:1   | Found a dark tunnel.
 11797 | Volcano  | Entered a volcano
 12315 | Volcano  | Found a bloodstained altar of Trog.
 12392 | Volcano  | Reached XP level 11. HP: 65/78 MP: 12/17
 12425 | Volcano  | Reached skill level 5 in Fighting
 12549 | Lair:1   | Upgraded the game from 0.16-a0-259-g9aa467b to 0.16-a0-262-g6fc725f
 13069 | Lair:2   | Reached skill level 10 in Dodging
 13075 | Lair:2   | Received a gift from Okawaru
 13225 | Lair:2   | Reached skill level 1 in Throwing
 13728 | Lair:2   | Noticed a four-headed hydra
 13743 | Lair:2   | Killed a four-headed hydra
 14900 | Lair:3   | Received a gift from Okawaru
 15175 | Lair:3   | Found a staircase to the Swamp.
 15303 | Lair:3   | Found a glowing golden altar of the Shining One.
 15679 | Lair:4   | Found a labyrinth entrance.
 15686 | Lab      | Entered a labyrinth
 15796 | Lab      | Noticed a minotaur
 15800 | Lab      | Killed a minotaur
 15800 | Lab      | Reached XP level 12. HP: 93/93 MP: 18/18
 15809 | Lab      | Got an ebony trident
 15832 | Lab      | Identified the +7 trident of Makhleb's Hope {vamp, Str+2} (You found it in a labyrinth)
 15988 | Lab      | Identified a +5 rod of the swarm (14/14) (You found it in a labyrinth)
 15989 | Lab      | Identified a +1 rod of destruction (12/12) (You found it in a labyrinth)
 15990 | Lab      | Identified a +7 rod of inaccuracy (9/9) (You found it in a labyrinth)
 15991 | Lab      | Identified a cursed +0 rod of the swarm (11/11) (You found it in a labyrinth)
 15993 | Lab      | Identified a -1 rod of the swarm (12/12) (You found it in a labyrinth)
 16001 | Lair:4   | Reached skill level 5 in Throwing
 16243 | Lair:4   | Received a gift from Okawaru
 16249 | Lair:4   | Got a shimmering arbalest {god gift}
 16250 | Lair:4   | Identified the +3 arbalest "Uwka Stra" {elec, rPois rC-} (Okawaru gifted it to you on level 4 of the Lair of Beasts)
 17274 | Lair:5   | Noticed a six-headed hydra
 17296 | Lair:5   | Killed a six-headed hydra
 17849 | Lair:4   | Received a gift from Okawaru
 19441 | Lair:6   | Reached skill level 10 in Fighting
 19507 | Lair:6   | Found a staircase to the Snake Pit.
 19747 | Lair:6   | Reached skill level 1 in Evocations
 20467 | Lair:7   | Received a gift from Okawaru
 20562 | Lair:7   | Received a gift from Okawaru
 21149 | Lair:7   | Received a gift from Okawaru
 21203 | Lair:7   | Reached skill level 14 in Hexes
 21507 | Lair:7   | Reached XP level 13. HP: 103/103 MP: 9/20
 21769 | Lair:8   | Entered Level 8 of the Lair of Beasts
 22013 | Lair:8   | Reached skill level 5 in Evocations
 22339 | Lair:8   | Reached skill level 15 in Hexes
 22661 | Lair:8   | Found a staircase to the Slime Pits.
 23128 | Lair:8   | Received a gift from Okawaru
 23131 | Lair:8   | Got a faintly humming cloak {god gift}
 23142 | Lair:8   | Identified the +2 cloak "Model Owaxt" {+Blink +Inv rPois MR+} (Okawaru gifted it to you on level 8 of the Lair of Beasts)
 23738 | Lair:8   | Reached skill level 16 in Hexes
 23859 | Lair:8   | Found a burning altar of Makhleb.
 24624 | D:10     | Entered Level 10 of the Dungeon
 24877 | D:10     | Noticed Harold
 24879 | D:10     | Killed Harold
 25905 | D:11     | Noticed Psyche
 25926 | D:11     | Killed Psyche
 26132 | D:11     | Found a gateway to a bazaar.
 26137 | Bazaar   | Entered a bazaar
 26137 | Bazaar   | Found Ydiuj's Magic Scroll Emporium.
 26141 | Bazaar   | Bought a scroll of enchant armour for 82 gold pieces
 26145 | Bazaar   | Found Jodatyugh's General Store.
 26151 | Bazaar   | Found Etiext's Gadget Boutique.
 26163 | Bazaar   | Found Telowos' Antique Armour Emporium.
 26173 | Bazaar   | Bought a pitted buckler for 285 gold pieces
 26173 | Bazaar   | Bought an embroidered hat for 120 gold pieces
 26183 | Bazaar   | Found Suirucko's Antique Weapon Shop.
 26193 | Bazaar   | Bought an iridescent blowgun for 150 gold pieces
 26199 | Bazaar   | Identified the cursed -4 buckler "Shroimnod" {rPois} (You bought it in a shop in a bazaar)
 26210 | Bazaar   | Identified the +9 blowgun of the Known World {evade, Int-2} (You bought it in a shop in a bazaar)
 26254 | Bazaar   | Bought a lamp of fire for 440 gold pieces
 26254 | Bazaar   | Bought a lantern of shadows for 220 gold pieces
 26424 | D:11     | Received a gift from Okawaru
 26927 | D:12     | Reached XP level 14. HP: 99/110 MP: 26/26
 26943 | D:12     | Received a gift from Okawaru
 27170 | D:12     | Received a gift from Okawaru
 28053 | D:12     | Got a faintly glowing robe
 28054 | D:12     | Identified the +0 robe "Tolyuv" {Str+2} (You found it on level 12 of the Dungeon)
 28270 | D:12     | Found a staircase to the Orcish Mines.
 28318 | D:12     | Found a roughly hewn altar of Beogh.
 28707 | Orc:1    | Entered Level 1 of the Orcish Mines
 28707 | Orc:1    | Found Shoadgh's Gadget Emporium.
 28935 | Orc:2    | Noticed Nergalle
 29098 | Orc:2    | Killed Nergalle
 29248 | Orc:2    | Found a flagged portal.
 29270 | Bailey   | Entered a bailey
 29446 | Bailey   | Upgraded the game from 0.16-a0-262-g6fc725f to 0.16-a0-269-gd5b6136
 30975 | Orc:1    | Noticed Snorg
 31821 | Orc:4    | Entered Level 4 of the Orcish Mines
 31875 | Orc:4    | Received a gift from Okawaru
 31881 | Orc:4    | Got a crude helmet {god gift}
 31904 | Orc:4    | Identified the +1 helmet "Thrint" {Dex-2} (Okawaru gifted it to you on level 4 of the Orcish Mines)
 31981 | Orc:4    | Reached skill level 10 in Evocations
 32344 | Orc:4    | Found Firegos' Antique Weapon Emporium.
 32372 | Orc:4    | Found a staircase to the Elven Halls.
 33380 | Orc:4    | Learned a level 6 spell: Mass Confusion
 34636 | Orc:4    | Found Dapatent's Jewellery Shoppe.
 34636 | Orc:4    | Found Pliafacu's Food Emporium.
 34638 | Orc:4    | Found Ucvarhas' Gadget Emporium.
 34639 | Orc:4    | Found Abren's Gadget Emporium.
 34652 | Orc:4    | Bought a +1 rod of ignition (10/10) for 1200 gold pieces
 34991 | Swamp:1  | Entered Level 1 of the Swamp
 35640 | D:13     | Reached skill level 5 in Spellcasting
 35661 | D:13     | Received a gift from Okawaru
 36299 | D:13     | Found a gate to the Vaults.
 36538 | D:13     | Received a gift from Okawaru
 36539 | D:13     | Got a brightly glowing buckler {god gift}
 36545 | D:13     | Identified the -5 buckler "Yhayrghi" {Dex+2} (Okawaru gifted it to you on level 13 of the Dungeon)
 36925 | D:13     | Reached XP level 15. HP: 111/117 MP: 28/28
 39019 | D:14     | Identified a scroll of acquirement
 39023 | D:14     | Learned a level 1 spell: Summon Butterflies
 39162 | D:15     | Entered Level 15 of the Dungeon
 39242 | D:15     | Found a staircase to the Depths.
 39366 | D:15     | Received a gift from Okawaru
 39658 | D:15     | Found Dualorud's Antique Weapon Shop.
 39676 | D:15     | Reached skill level 15 in Dodging
 39719 | D:15     | Received a gift from Okawaru
 39997 | D:15     | Got a crystal short sword {god gift}
 39998 | D:15     | Identified the +3 short sword "Ahethryna" {pain, Int+4} (Okawaru gifted it to you on level 15 of the Dungeon)
 40086 | D:15     | Gained mutation: You have sharp toenails. [potion of beneficial mutation]
 40162 | D:15     | Reached skill level 1 in Shields
 40999 | D:15     | Upgraded the game from 0.16-a0-269-gd5b6136 to 0.16-a0-282-ga87e286
 41427 | Swamp:1  | Noticed Urug
 41433 | Swamp:1  | Killed Urug
 41447 | Swamp:1  | Noticed Maud
 41472 | Swamp:1  | Killed Maud
 41489 | Swamp:1  | Received a gift from Okawaru
 42454 | Swamp:2  | Received a gift from Okawaru
 43206 | Swamp:3  | HP: 6/120 [raven (7)]
 43225 | Swamp:3  | Noticed a thorn hunter
 43266 | Swamp:3  | Killed a thorn hunter
 43552 | Swamp:3  | Reached skill level 5 in Shields
 43552 | Swamp:3  | Reached XP level 16. HP: 48/127 MP: 3/29
 43893 | Swamp:3  | Reached skill level 1 in Ice Magic
 44249 | Swamp:2  | Received a gift from Okawaru
 44521 | Lair:1   | Learned a level 6 spell: Freezing Cloud
 45562 | Swamp:4  | Got a smoking morningstar
 45563 | Swamp:4  | Identified the +11 morningstar "Demon's Peril" {drain, rC+ Str-2 Dex+2 Int+2} (You found it on level 4 of the Swamp)
 46705 | Swamp:5  | Entered Level 5 of the Swamp
 47749 | Swamp:5  | Noticed the 27-headed Lernaean hydra
 47755 | Swamp:5  | Reached skill level 5 in Ice Magic
 48645 | Snake:1  | Entered Level 1 of the Snake Pit
 49063 | Snake:1  | Received a gift from Okawaru
 49761 | Snake:1  | Reached skill level 15 in Stealth
 50848 | Snake:1  | Reached skill level 1 in Long Blades
 50936 | Lair:6   | Upgraded the game from 0.16-a0-282-ga87e286 to 0.16-a0-286-g6bac339
 52211 | Swamp:5  | Received a gift from Okawaru
 52766 | Swamp:5  | Killed the 27-headed Lernaean hydra
 53165 | Swamp:5  | Got a decaying rune of Zot
 53834 | Vaults:1 | Entered Level 1 of the Vaults
 54443 | Vaults:1 | Reached skill level 5 in Long Blades
 54452 | Vaults:1 | Received a gift from Okawaru
 54543 | Vaults:1 | Reached XP level 17. HP: 96/133 MP: 5/29
 55800 | Vaults:1 | Noticed Aizul
 56240 | Vaults:1 | Received a gift from Okawaru
 56241 | Vaults:1 | Got a heavily runed cloak {god gift}
 56252 | Vaults:1 | Identified the +0 cloak of Ghuud {Dex+3 Int+4} (Okawaru gifted it to you on level 1 of the Vaults)
 56271 | Vaults:1 | Found Zauprooc's Food Emporium.
 56961 | Vaults:1 | Got a pitted scale mail
 57446 | Vaults:1 | Noticed an Ice Fiend
 57706 | Vaults:1 | Reached skill level 10 in Ice Magic
 58036 | Vaults:1 | Reached skill level 1 in Air Magic
 58597 | Vaults:1 | HP: 4/133 [skeletal warrior/runed scimitar (7)]
 59852 | Vaults:1 | Identified the +3 scale mail of Qumpezi {Slay+3} (You found it on level 1 of the Vaults)
 60299 | Vaults:2 | Got a fine leather armour
 60310 | Vaults:2 | Identified the cursed -5 leather armour of the Queen of Cups {+Rage rElec rN+ SInv} (You found it on level 2 of the Vaults)
 60554 | Vaults:2 | Received a gift from Okawaru
 60716 | Vaults:2 | Reached skill level 5 in Air Magic
 62976 | Vaults:2 | Reached skill level 10 in Long Blades
 63419 | Vaults:2 | Reached XP level 18. HP: 130/140 MP: 30/30
 63715 | Vaults:2 | Received a gift from Okawaru
 65747 | Vaults:2 | HP: 3/140 [yaktaur/ bolt[a vault warden] (16)]
 65747 | Vaults:2 | Hit by a large rock thrown by a stone giant

Action                   |  1- 3 |  4- 6 |  7- 9 | 10-12 | 13-15 | 16-18 || total
-------------------------+-------+-------+-------+-------+-------+-------++-------
Melee: Dagger            |   136 |   168 |   520 |   791 |   437 |       ||  2052
       Great sword       |       |       |       |    69 |       |       ||    69
       Short sword       |       |       |       |   144 |   272 |       ||   416
       Quick blade       |       |       |       |       |  1750 |  1768 ||  3518
       Rod               |       |       |       |       |     2 |       ||     2
       Scimitar          |       |       |       |       |       |   319 ||   319
 Fire: Blowgun           |       |       |    12 |    26 |    66 |     3 ||   107
       Shortbow          |       |       |       |    23 |       |       ||    23
Throw: Tomahawk          |       |     2 |       |    20 |    28 |    70 ||   120
       Throwing net      |       |       |       |     1 |     1 |     1 ||     3
       Javelin           |       |       |       |       |    83 |    18 ||   101
 Cast: Ensorcelled Hiber |     8 |    22 |    53 |   157 |   204 |   140 ||   584
       Corona            |     1 |       |       |       |       |       ||     1
       Confuse           |       |     1 |    30 |    32 |    95 |    51 ||   209
       Enslavement       |       |       |     9 |     8 |    28 |    79 ||   124
       Mass Confusion    |       |       |       |       |    17 |    19 ||    36
       Summon Butterflie |       |       |       |       |       |     3 ||     3
Invok: Heroism           |       |       |       |       |     2 |       ||     2
 Abil: Evoke Invisibilit |       |       |       |       |     3 |     2 ||     5
       Evoke Blink       |       |       |       |       |     1 |     5 ||     6
       Bottle Blood      |       |       |       |       |       |    14 ||    14
Evoke: Wand              |       |     1 |       |    10 |    15 |    15 ||    41
       Rod               |       |       |       |       |    50 |    35 ||    85
  Use: Scroll            |       |     7 |    11 |    20 |    22 |    23 ||    83
       Potion            |       |       |     6 |     7 |     1 |    21 ||    35
 Stab: Sleeping          |     9 |    15 |    37 |   129 |   145 |    72 ||   407
       Confused          |       |     1 |    20 |    17 |    44 |    25 ||   107
       Invisible         |       |       |       |     2 |     4 |       ||     6
       Distracted        |       |       |       |     2 |    14 |    14 ||    30
       Held in net/web   |       |       |       |     1 |     1 |       ||     2
  Eat: Corpse            |     1 |     6 |     8 |    21 |    39 |    26 ||   101
